 Dungeon Crawl Stone Soup version 0.30-a0-626-gd6a5dd7a1f (webtiles) character file.

Game seed: 7728408890745189317

1473 jlumianski the Chopper (level 8, 0/65 HPs)
             Began as a Demonspawn Fighter on Jan 12, 2023.
             Was an Initiate of Qazlal.
             Slain by a killer bee (8 damage)
             ... on level 6 of the Dungeon.
             The game lasted 00:23:10 (5591 turns).

jlumianski the Chopper (Demonspawn Fighter)         Turns: 5591, Time: 00:23:10

Health: 0/65       AC: 12    Str: 18    XL:     8   Next: 49%
Magic:  2/3        EV:  6    Int: 10    God:    Qazlal [......]
Gold:   110        SH:  0    Dex: 19    Spells: 7/7 levels left

rFire   + . .      SeeInvis .    C - +2 war axe (antimagic)
rCold   + . .      Faith    .    (no shield)
rNeg    . . .      Spirit   .    s - +0 plate armour
rPois   .          Reflect  .    (no helmet)
rElec   .          Harm     .    g - scarf {rC+ rF+}
rCorr   .          Rampage  .    (gloves unavailable)
Will    .....                    (no boots) Stlth
                                 (no amulet)
HPRegen 0.30/turn                t - +6 ring of dexterity
MPRegen 0.08/turn                B - ring of flight

@: flying
A: claws 3, demonic guardian 2
a: Renounce Religion


You were on level 6 of the Dungeon.
You worshipped Qazlal.
Qazlal was noncommittal.
You visited 2 branches of the dungeon, and saw 8 of its levels.

You collected 246 gold pieces.
You spent 136 gold pieces at shops.

Inventory:

Hand Weapons
 a - a +0 war axe
 k - the +5 flail of Vuarieg {heavy, rC+ rN+ Str+8 Stlth-}
   (You found it on level 3 of the Dungeon)

   Str:       It affects your strength (+8).
   rC:        It protects you from cold.
   rN:        It protects you from negative energy.
   Stlth:     It makes you less stealthy.
 y - a +0 sling of electrocution
 C - a +2 antimagic war axe (weapon)
Missiles
 f - 33 stones (quivered)
 z - a boomerang
 D - a curare-tipped dart
 F - 4 silver javelins
Armour
 b - a +0 scale mail
 c - a +0 buckler
 g - a scarf of resistance (worn)
 h - a +1 chain mail
 s - a +0 plate armour (worn)
Jewellery
 t - a +6 ring of dexterity (left claw)
 B - a ring of flight (right claw)
Wands
 u - a wand of mindburst (9)
 G - a wand of paralysis (11)
Scrolls
 o - a scroll of amnesia
 A - 2 scrolls of identify
 E - a scroll of enchant armour
 H - 3 scrolls of teleportation
Potions
 d - a potion of might
 e - 2 potions of lignification
 i - 2 potions of attraction
 j - 3 potions of curing
 l - a potion of magic
 m - a potion of resistance
 n - 3 potions of flight
 p - 2 potions of degeneration
 q - a potion of ambrosia
 r - 3 potions of heal wounds
 v - a potion of haste
 w - a potion of brilliance
 x - a potion of berserk rage


   Skills:
 * Level 6.4 Fighting
 + Level 6.5 Axes
 + Level 1.4 Throwing
 + Level 5.0 Armour
 + Level 0.6 Dodging
 - Level 3.0 Shields
 * Level 1.6 Invocations


You had 7 spell levels left.
You didn't know any spells.
Your spell library contained the following spells:

 Spells                   Type           Power      Damage    Failure   Level
 Shock                    Conj/Air       0%         1d3       100%        1
 Swiftness                Air            0%         N/A       100%        3
 Airstrike                Air            0%         2d(0-16)  100%        4
 Summon Lightning Spire   Summ/Air       0%         N/A       100%        4
 Lightning Bolt           Conj/Air       0%         1d11      100%        5


Dungeon Overview and Level Annotations

Branches:
Dungeon (7/15)             Temple (1/1) D:6

Altars:
Ashenzari
Cheibriados
Dithmenos
Fedhas
Gozag
Hepliaklqana
Kikubaaqudgha
Nemelex Xobeh
Qazlal
Ru
Sif Muna
Trog
Uskayaw
Vehumet
Wu Jian
Xom
Yredelemnul

Shops:
D:5 =(


Innate Abilities, Weirdness & Mutations

You have claws for hands.
A demonic guardian rushes to your aid.


Message History

You kill the killer bee!
Qazlal accepts your kill.
You barely miss the killer bee. You closely miss the killer bee.
You feel very sick. The killer bee barely misses you.
The killer bee stings you but does no damage. x2
The killer bee barely misses you. The killer bee stings you.
* * * LOW HITPOINT WARNING * * *
A demonic guardian appears!
The killer bee stings you.
* * * LOW HITPOINT WARNING * * *
You are more poisoned.
The killer bee poisons you!
Your Armour skill increases to level 5!
* * * LOW HITPOINT WARNING * * *
You feel very sick. The killer bee barely misses you.
The killer bee stings you.
* * * LOW HITPOINT WARNING * * *
You are more poisoned.
The killer bee poisons you!
Your orange demon completely misses the killer bee.
Your orange demon misses the killer bee.
The killer bee stings you but does no damage.
You feel better. The killer bee stings you.
* * * LOW HITPOINT WARNING * * *
The killer bee stings you but does no damage. x2
Your orange demon misses the killer bee.
Your orange demon hits the killer bee.
The killer bee stings you but does no damage.
You hit the killer bee.
The killer bee is moderately wounded.
You barely miss the killer bee. The killer bee barely misses you.
The killer bee stings you but does no damage. x3
Your orange demon stings the killer bee!
The killer bee looks as sick as possible!
Your orange demon poisons the killer bee!
Your orange demon hits the killer bee.
The killer bee dies!
Qazlal accepts your kill.
You barely miss the killer bee. The killer bee stings you!
You die...

##..............
#..............#
##..............##
#................#
#...............#
##...............+
##......4.........+
##..)....>y........+
........@.........#
.#................#
#...............##
#.............###
#...)........##
##..........##
##......####
#..##### #...#


You could see a killer bee (ally target) and a friendly orange demon (summoned).

Vanquished Creatures
  A water moccasin (D:5)
  An ice beast (D:5)
  An ogre (D:4)
  2 phantoms
  A kobold brigand (D:5)
  A necrophage (D:4)
  4 scorpions
  A wight (D:6)
  A killer bee (D:6)
  5 hounds
  A jelly (D:7)
  An orc priest (D:7)
  2 orc wizards (D:4)
  6 gnolls
  10 adders
  2 white imps (D:6)
  An ufetubus (D:5)
  2 worms
  A dart slug (D:3)
  6 orcs
  13 bats
  10 endoplasms
  3 giant cockroaches
  7 goblins
  5 hobgoblins
  4 quokkas
  5 ball pythons
  A frilled lizard (D:2)
  7 kobolds
  4 rats
109 creatures vanquished.

Vanquished Creatures (collateral kills)
  A killer bee (D:6)
  An iguana (D:5)
2 creatures vanquished.

Grand Total: 111 creatures vanquished

Notes
Turn   | Place    | Note
-------+----------+-------------------------------------------
     0 | D:1      | jlumianski the Demonspawn Fighter began the quest for the
                  | Orb.
     0 | D:1      | Reached XP level 1. HP: 18/18 MP: 1/1
   338 | D:1      | Gained mutation: You have sharp fingernails. [demonic
                  | ancestry]
   338 | D:1      | Reached XP level 2. HP: 10/24 MP: 2/2
   543 | D:2      | Reached XP level 3. HP: 29/29 MP: 3/3
   604 | D:3      | Identified the +5 flail of Vuarieg {heavy, rC+ rN+ Str+8
                  | Stlth-}
  1419 | D:2      | Gained mutation: You have very sharp fingernails. [demonic
                  | ancestry]
  1419 | D:2      | Reached XP level 4. HP: 34/35 MP: 4/4
  2693 | D:4      | Gained mutation: A weak demonic guardian rushes to your
                  | aid. [demonic ancestry]
  2693 | D:4      | Reached XP level 5. HP: 37/42 MP: 5/5
  2763 | D:5      | Entered Level 5 of the Dungeon
  2834 | D:4      | Noticed a phantom
  2849 | D:4      | Killed a phantom
  2850 | D:4      | Gained mutation: You have claws for hands. [demonic
                  | ancestry]
  2850 | D:4      | Reached XP level 6. HP: 34/49 MP: 6/6
  3036 | D:5      | Found Teniyral's Jewellery Shop.
  3051 | D:5      | Noticed an ice beast
  3058 | D:5      | Killed an ice beast
  3059 | D:5      | Reached XP level 7. HP: 53/55 MP: 7/7
  3078 | D:5      | Found a sacrificial altar of Ru.
  3198 | D:4      | Reached skill level 5 in Fighting
  3385 | D:4      | Reached skill level 1 in Throwing
  3752 | D:4      | Reached skill level 5 in Axes
  4335 | D:7      | Noticed a hornet
  4364 | D:5      | Gained mutation: A demonic guardian rushes to your aid.
                  | [demonic ancestry]
  4364 | D:5      | Reached XP level 8. HP: 13/64 MP: 8/8
  4740 | D:5      | Found Caan's Antique Weapon Boutique.
  4746 | D:5      | Bought a glowing war axe for 136 gold pieces
  4964 | D:6      | Found a staircase to the Ecumenical Temple.
  5007 | Temple   | Entered the Ecumenical Temple
  5177 | Temple   | Became a worshipper of Qazlal Stormbringer
  5441 | D:6      | Reached skill level 1 in Invocations
  5588 | D:6      | Reached skill level 5 in Armour
  5588 | D:6      | HP: 2/65 [killer bee (5)]
  5591 | D:6      | Slain by a killer bee

Illustrated notes

Levels and vault maps discovered:
D:1:      dpeg_arrival_rooms_c, layout_loops_cross
D:2:      layout_rooms
D:3:      layout_loops_ring
D:4:      layout_gridville
D:5:      layout_cave_pools, nicolae_ru_awakened_eye, serial_shops, shop, shop
D:6:      layout_cave_pods, minmay_temple_entry_glass,
          kennysheep_cross_bottleneck, uniq_crazy_yiuf_cottage
D:7:      layout_rooms, serial_shops, shop, nzn_ghost_randoct, uniq_joseph
Temple:   mainiacjoe_temple_archimedes_tessellation

Skill      XL: |  1  2  3  4  5  6  7  8 |
---------------+-------------------------+-----
Axes           | 2 3 4 5 6 |  6.5
Armour         | 3 4 5 |  5.0
Shields        | 3 |  3.0
Fighting       | 4 5 6 |  6.4
Throwing       | 1 |  1.4
Invocations    | 1 |  1.6
Dodging        | |  0.6

Action                   |  1- 3 |  4- 6 |  7- 9 || total
-------------------------+-------+-------+-------++-------
Melee: War axe           |   102 |   150 |   147 ||   399
       Punch             |       |     1 |     1 ||     2
Throw: Stone             |     6 |    15 |     6 ||    27
  Use: Scroll            |     4 |     7 |     7 ||    18
       Potion            |     4 |       |     4 ||     8
Armor: Chain mail        |    78 |    71 |       ||   149
       Scale mail        |     2 |       |       ||     2
       Skin              |     3 |       |       ||     3
       Plate armour      |       |    43 |   186 ||   229
Dodge: Dodged            |    37 |    60 |    76 ||   173
Block: Buckler           |    23 |       |       ||    23

Table legend: (Time is in decaauts)
 A = Elapsed time spent in this place.
 B = Non-inter-level travel time spent in this place.
 C = Inter-level travel time spent in this place.
 D = Time resting spent in this place.
 E = Time spent auto-exploring this place.
 F = Levels seen in this place.
 G = Mean time per level.
                   A        B        C        D        E       F      G
               +--------+--------+--------+--------+--------+-----+--------+
         Total |   5748 |   5656 |     92 |    806 |   2580 |   8 |  718.5 |
       Dungeon |   5506 |   5414 |     92 |    806 |   2434 |   7 |  786.6 |
        Temple |    241 |    241 |      0 |      0 |    146 |   1 |  241.0 |
               +--------+--------+--------+--------+--------+-----+--------+

Top non-repeatable levels by time:
     D:4: 1356 daAuts
     D:3: 925 daAuts
     D:5: 914 daAuts
     D:1: 870 daAuts
     D:2: 723 daAuts
     D:6: 652 daAuts
  Temple: 241 daAuts
     D:7: 63 daAuts
